AoeStats
← qbe

Arabia

509648662Analyzed
3v3 RM · 6d ago on Sep 27, 2026· 40m 49s· 6 players
Game mode
Random Map
Map size
Normal (6 player)
Population
200
Speed
Normal
Resources
Standard
Victory
Conquest
Starting age
Dark Age
Ending age
Imperial Age
RankedLock teamsTeams togetherTeam positionsShared explorationLock speedFull tech treeHidden civsTurbo modeCheats
Victory
Defeat
🇫🇷 Magyars · France
1065
+16
🇿🇦 Tatars · South Africa
1034
+17
🇩🇪 Koreans · Germany
996
+19
🇨🇳 Persians · China
1118
-20
🇨🇳 Chinese · China
1029
-16
🇨🇳 Armenians · China
1021
-16
大湾鸡
10:58 Feudal Age
11:52 Loom
14:58 Castle Age
12:45 Double-Bit Axe
13:36 Horse Collar
16:38 Bow Saw
17:03 Heavy Plow
22:09 Wheelbarrow
24:29 Stone Mining
26:25 Hand Cart
31:06 Imperial Age
28:40 Gold Mining
29:28 Stone Shaft Mining
29:14 Scale Barding Armor
30:28 Gold Shaft Mining
30:39 Chain Barding Armor
30:30 Forging
30:52 Town Watch
31:58 Plate Barding Armor
31:26 Husbandry
31:36 Bloodlines
31:24 Elite War Elephant
32:43 Conscription
32:48 Forging
34:20 Two-Man Saw
33:51 Crop Rotation
34:18 Iron Casting
34:19 Town Patrol
36:29 Blast Furnace
35:21 Fletching
35:53 Ballistics
36:33 Chemistry
35:45 Careening
35:56 Devotion
36:52 Citadels
36:47 Murder Holes
37:04 Masonry
37:52 Bodkin Arrow
37:58 Scale Mail Armor
37:58 Padded Archer Armor
39:27 Hoardings
38:54 Kamandaran
39:10 Guilds
39:00 Caravan
38:33 Light Cavalry
38:38 Heavy Camel Rider
38:42 Cavalier
40:32 Leather Archer Armor
40:32 Chain Mail Armor
四月
0:31 Loom
10:27 Feudal Age
14:11 Castle Age
12:26 Double-Bit Axe
13:29 Horse Collar
15:22 Bow Saw
16:48 Gold Mining
17:45 Fletching
20:23 Wheelbarrow
20:02 Bodkin Arrow
23:46 Padded Archer Armor
24:16 Stone Mining
27:05 Gold Shaft Mining
26:42 Scale Mail Armor
27:12 Hand Cart
31:17 Imperial Age
29:34 Heavy Plow
29:25 Town Watch
30:44 Leather Archer Armor
31:42 Ballistics
32:28 Conscription
32:10 Bracer
33:11 Chemistry
33:09 Stone Shaft Mining
32:49 Elite Chu Ko Nu
34:35 Ring Archer Armor
35:15 Two-Man Saw
34:36 Thumb Ring
34:50 Chain Mail Armor
35:14 Masonry
36:27 Architecture
36:09 Fortified Wall
36:55 Forging
37:21 Capped Ram
38:32 Murder Holes
39:09 Plate Mail Armor
38:46 Squires
38:15 Siege Ram
qbe
4:40 Loom
11:04 Feudal Age
14:55 Castle Age
12:59 Double-Bit Axe
13:14 Horse Collar
21:05 Squires
21:10 Scale Mail Armor
24:18 Fervor
24:28 Sanctity
25:59 Wheelbarrow
25:50 Bow Saw
27:08 Squires
26:54 Arson
27:48 Fletching
28:28 Chain Mail Armor
28:24 Forging
28:49 Hand Cart
28:21 Town Watch
28:49 Bodkin Arrow
29:04 Forging
31:27 Iron Casting
31:26 Gold Mining
34:38 Gold Shaft Mining
37:00 Imperial Age
38:45 Blast Furnace
38:15 Plate Mail Armor
38:08 Conscription
37:53 Fereters
39:26 Caravan
39:37 Guilds
40:19 Town Patrol
marcel
9:15 Loom
11:45 Feudal Age
12:20 Horse Collar
15:16 Scale Barding Armor
20:03 Castle Age
22:30 Double-Bit Axe
22:51 Heavy Plow
24:05 Gold Mining
25:37 Chain Barding Armor
26:47 Bow Saw
26:28 Elite Skirmisher
28:50 Wheelbarrow
29:35 Husbandry
29:47 Bloodlines
31:41 Hand Cart
Calli
7:09 Loom
11:02 Feudal Age
12:38 Double-Bit Axe
14:51 Fletching
14:56 Horse Collar
23:52 Castle Age
22:12 Gold Mining
22:12 Stone Mining
25:10 Crossbowman
26:03 Bodkin Arrow
28:18 Thumb Ring
29:44 Bow Saw
29:37 Heavy Plow
30:16 Gold Shaft Mining
33:52 Ballistics
33:43 Fortified Wall
33:30 Murder Holes
33:45 Masonry
34:28 Stone Shaft Mining
34:08 Town Watch
35:42 Wheelbarrow
35:37 Town Patrol
40:47 Imperial Age
40:54 Hand Cart
GreenHydra
11:31 Feudal Age
18:23 Double-Bit Axe
21:20 Castle Age
19:44 Fletching
20:43 Gold Mining
20:42 Horse Collar
21:13 Stone Mining
22:48 Wheelbarrow
23:37 Husbandry
23:48 Bloodlines
24:42 Loom
25:25 Bow Saw
25:21 Padded Archer Armor
29:39 Heavy Plow
34:08 Imperial Age
31:55 Bodkin Arrow
32:30 Leather Archer Armor
34:00 Gold Shaft Mining
34:09 Heavy Cavalry Archer
35:56 Conscription
36:49 Chemistry
36:41 Hand Cart
37:38 Ballistics
38:12 Silk Armor
39:21 Elite Keshik
40:39 Forging
40:35 Scale Barding Armor
Connection lost

Rejoining the realm…

Still unreachable

The connection could not be restored.

Session expired

The server has moved on; the page needs a fresh start.